 Dungeon Crawl Stone Soup version 0.22-a0-558-gc224181 (webtiles) character file.

1656 tatocazan the Carver (level 8, -3/64 HPs)
             Began as a Minotaur Fighter on June 27, 2018.
             Killed by divine providence
             ... invoked by an orc priest
              (14 damage)
             ... on level 6 of the Dungeon.
             The game lasted 00:16:13 (5691 turns).

tatocazan the Carver (Minotaur Fighter)             Turns: 5691, Time: 00:16:14

Health: -3/64      AC: 12    Str: 20    XL:     8   Next: 68%
Magic:  7/7        EV:  3    Int:  8    God:
Gold:   258        SH:  9    Dex: 13    Spells: 7/7 levels left

rFire    . . .     SeeInvis .   a - +0 long sword
rCold    . . .     Gourm    .   c - +0 shield
rNeg     . . .     Faith    .   y - +0 plate armour
rPois    .         Spirit   .   (helmet restricted)
rElec    .         Reflect  .   s - +0 cloak (curse)
rCorr    .         Harm     .   (no gloves)
MR       .....                  (no boots)
Stlth    ..........             (no amulet)
HPRegen  0.20/turn              h - +3 ring of intelligence
MPRegen  0.10/turn              (no ring)

@: no status effects
A: retaliatory headbutt, horns 2
a: no special abilities


You were on level 6 of the Dungeon.
You were not hungry.

You visited 2 branches of the dungeon, and saw 7 of its levels.

You collected 258 gold pieces.

Inventory:

Hand Weapons
 a - a +0 long sword (weapon)
 z - the +2 spear of Death {pierce, rElec rC+ Str+4 Dex+3, unknown}
   (You found it on level 6 of the Dungeon)

   It inflicts extra damage upon your enemies.
   It affects your strength (+4).
   It affects your dexterity (+3).
   It protects you from cold.
   It insulates you from electricity.
Armour
 b - a +0 scale mail
 c - a +0 shield (worn)
 s - a cursed +0 cloak (worn)
 y - a +0 plate armour (worn)
Jewellery
 h - a +3 ring of intelligence (left hand)
 u - an uncursed ring of protection from fire {unknown}
Wands
 m - a wand of digging (13)
 v - a wand of paralysis (13)
Scrolls
 e - a scroll of amnesia {unknown}
 i - 3 scrolls of remove curse {unknown}
 j - 2 scrolls of enchant weapon {unknown}
 k - 3 scrolls of identify
 l - a scroll of random uselessness {unknown}
 n - 2 scrolls of fog {unknown}
 o - 2 scrolls of magic mapping {unknown}
 q - a scroll of noise {unknown}
 r - a scroll of enchant armour {unknown}
 t - a scroll of fear {unknown}
Potions
 d - 6 potions of curing
 p - a potion of invisibility {unknown}
 w - 2 potions of brilliance {unknown}
Comestibles
 f - 12 rations
 x - 6 chunks of flesh


   Skills:
 + Level 3.6 Fighting
 - Level 12.9 Long Blades
 - Level 3.6 Armour
 - Level 3.6 Shields


You had 7 spell levels left.
You didn't know any spells.
Your spell library was empty.

Dungeon Overview and Level Annotations

Branches:
Dungeon (6/15)             Temple (1/1) D:4

Altars:
Ashenzari
Cheibriados
Dithmenos
Elyvilon
Fedhas
Gozag
Hepliaklqana
Makhleb
Qazlal
Sif Muna
Trog
Uskayaw
Wu Jian
Xom
Zin
The Shining One


Innate Abilities, Weirdness & Mutations

You reflexively headbutt those who attack you in melee.
You have a pair of horns on your head.


Message History

The orc priest calls upon Beogh to heal the orc warrior.
The orc warrior is healed somewhat.
You hit the orc warrior but do no damage.
The orc warrior is lightly wounded.
The orc warrior hits you with a dire flail!!
* * * LOW HITPOINT WARNING * * *
You feel much better.
The orc priest mumbles some strange prayers to Beogh against you.
Beogh smites you!
* * * LOW HITPOINT WARNING * * *
Okay, then.
You block the orc warrior's attack.
Things that are here:
a club; a leather armour An adder skeleton comes into view.
The orc priest miscasts a cantrip.
You hear the rapid hiss of a distant avalanche of sand.
The orc priest mumbles some strange prayers to Beogh against you.
Beogh smites you!
You die...

#..##.#.....###.
#.#..##...........
####.#..#####....###. ....#..#
#..#.# #. #. ###.....# ##.#.#
#. #.##.......######.).# #.
....................# #.
...........#######..# #.
####.#.@#..# #.#..# #.
........#..#####.#..###.
.......o#...............
#####...Z...............
#..o##.#####.#...##.
#...##.#####.#...##. .
#.o)##.##........... ...##
#...##.#..........#.
......#####...##.#.....#)##...


You could see an orc warrior, an orc priest, an orc and an adder skeleton.

Vanquished Creatures
  Grinder (D:5)
  Sigmund (D:2)
  An orc warrior (D:6)
  An ice beast (D:4)
  3 eyes of draining
  A centaur (D:5)
  An ogre (D:5)
  A bullfrog (D:6)
  A scorpion (D:5)
  A howler monkey (D:4)
  A bullfrog zombie (D:5)
  3 hounds
  5 orc wizards
  3 iguanas
  2 gnolls
  4 adders
  2 adder zombies (D:5)
  An adder skeleton (D:4)
  3 worms
  6 leopard geckos
  14 orcs
  3 giant cockroaches
  8 goblins
  4 hobgoblins
  15 jackals
  3 quokkas
  2 ball pythons
  7 bats
  5 frilled lizards
  A jackal zombie (D:6)
  9 kobolds
  A quokka zombie (D:5)
  5 rats
119 creatures vanquished.

Notes
Turn   | Place    | Note
-------+----------+-------------------------------------------
     0 | D:1      | tatocazan the Minotaur Fighter began the quest for the Orb.
     0 | D:1      | Reached XP level 1. HP: 19/19 MP: 0/0
    32 | D:1      | Reached skill level 3 in Long Blades
    85 | D:1      | Reached XP level 2. HP: 14/26 MP: 1/1
   681 | D:1      | Reached skill level 4 in Long Blades
   933 | D:2      | Reached XP level 3. HP: 31/31 MP: 2/2
   947 | D:2      | Found a glowing golden altar of the Shining One.
  1171 | D:2      | Noticed Sigmund
  1179 | D:2      | Killed Sigmund
  1179 | D:2      | Reached skill level 7 in Long Blades
  1179 | D:2      | Reached XP level 4. HP: 23/39 MP: 3/3
  1179 | D:2      | Reached XP level 5. HP: 26/45 MP: 4/4
  2273 | D:3      | Found an opulent altar of Gozag.
  2343 | D:4      | Reached XP level 6. HP: 45/51 MP: 5/5
  2359 | D:4      | Reached skill level 8 in Long Blades
  2647 | D:4      | Found a staircase to the Ecumenical Temple.
  2656 | Temple   | Entered the Ecumenical Temple
  3008 | D:4      | Noticed an ice beast
  3019 | D:4      | Killed an ice beast
  3030 | D:4      | Reached skill level 9 in Long Blades
  3338 | D:4      | Reached XP level 7. HP: 56/57 MP: 6/6
  3416 | D:5      | Entered Level 5 of the Dungeon
  3771 | D:5      | Found Abluaraz's Assorted Antiques.
  3789 | D:5      | Reached skill level 10 in Long Blades
  3871 | D:5      | Noticed Grinder
  3882 | D:5      | Killed Grinder
  3947 | D:5      | Found a burning altar of Makhleb.
  3999 | D:5      | Found a stormy altar of Qazlal.
  4174 | D:5      | Reached skill level 11 in Long Blades
  4375 | D:5      | Found a shimmering altar of Xom.
  4496 | D:5      | Reached XP level 8. HP: 33/64 MP: 7/7
  4659 | D:5      | Found a bloodstained altar of Trog.
  5026 | D:5      | Reached skill level 12 in Long Blades
  5550 | D:6      | Found an opulent altar of Gozag.
  5560 | D:6      | Got a crude spear
  5691 | D:6      | Killed from afar by an orc priest

Vault maps used:
D:1:      lemuel_arrival_room
D:2:      nicolae_overflow_hidden_temple, old_standard_altar, uniq_sigmund
D:3:      lemuel_round_altar, first_ration
D:4:      minmay_temple_entry_grid
D:5:      overflow_temple_1_default, marbit_many_paths, trog_eyes_of_draining,
          lemuel_coloured_pillars_altar, serial_shops,
          nicolae_shop_behind_doors, hangedman_abyss_or_decor_lesser_grid,
          minivault_14, uniq_grinder
D:6:      okawaru_ov_weapons_minmay, lemuel_crystal_altar, enter_ossuary_5,
          nicolae_gozag_cash_rules_everything_around_me, uniq_crazy_yiuf_cottage
Temple:   zaba_magenta_temple

Skill      XL: |  1  2  3  4  5  6  7  8 |
---------------+-------------------------+-----
Long Blades    | 3 4 7 9 11 12 | 12.9
Fighting       | |  3.6
Armour         | |  3.6
Shields        | |  3.6

Action                   |  1- 3 |  4- 6 |  7- 9 || total
-------------------------+-------+-------+-------++-------
Melee: Long sword        |    84 |   120 |   187 ||   391
       Headbutt          |    13 |    19 |    42 ||    74
  Use: Potion            |     2 |     1 |     2 ||     5
       Scroll            |       |       |     1 ||     1
  Eat: Chunk             |     1 |     7 |     4 ||    12
       Ration            |       |       |     1 ||     1
Armor: Scale mail        |    45 |    32 |    26 ||   103
       Plate armour      |       |       |     9 ||     9
Dodge: Dodged            |    26 |    24 |    29 ||    79
Block: Shield            |    58 |    48 |    67 ||   173
       Rpst.: Long sword |     9 |     8 |     9 ||    26

Table legend:
 A = Spawn XP
 B = Non-spawn XP
 C = Spawn XP percentage of total XP
 D = Spawn monster count
 E = Non-spawn monster count
 F = Spawn count percentage of total count
 G = Total turns spent on level
                    A         B        C        D         E        F      G
               +---------+---------+-------+---------+---------+-------+---------
         Total |       0 |    2366 |   0.0 |       0 |     119 |   0.0 |  5691
               +---------+---------+-------+---------+---------+-------+---------
           D:1 |       0 |      35 |   0.0 |       0 |      23 |   0.0 |   941
           D:2 |       0 |     307 |   0.0 |       0 |      18 |   0.0 |   915
           D:3 |       0 |      34 |   0.0 |       0 |      15 |   0.0 |   475
           D:4 |       0 |     537 |   0.0 |       0 |      26 |   0.0 |  1459
           D:5 |       0 |    1006 |   0.0 |       0 |      23 |   0.0 |  1406
           D:6 |       0 |     447 |   0.0 |       0 |      14 |   0.0 |   418
               +---------+---------+-------+---------+---------+-------+---------
